 Dungeon Crawl Stone Soup version 0.29-a0-392-g297d3b089c (webtiles) character file.

Game seed: 8372435031850840280

3 quokkamancerX the Caller (level 1, -1/10 HPs)
             Began as a Tengu Summoner on May 9, 2022.
             Succumbed to a goblin's poison
             ... on level 1 of the Dungeon.
             The game lasted 00:01:56 (221 turns).

quokkamancerX the Caller (Tengu Summoner)            Turns: 221, Time: 00:01:57

Health: -1/10      AC:  2    Str:  8    XL:     1   Next: 50%
Magic:  2/4        EV: 12    Int: 15    God:
Gold:   0          SH:  0    Dex: 14    Spells: 3/4 levels left

rFire   . . .      SeeInvis .   c - +0 club
rCold   . . .      Faith    .   (no shield)
rNeg    . . .      Spirit   .   a - +0 robe
rPois   .          Reflect  .   (helmet restricted)
rElec   .          Harm     .   (no cloak)
rCorr   .          Rampage  .   (no gloves)
Will    .....                   (boots unavailable)
Stlth   ++........              (no amulet)
HPRegen 0.03/turn               (no ring)
MPRegen 0.09/turn               (no ring)

@: brilliant, lethally poisoned (-1 -> -13)
A: beak, talons 3
a: no special abilities


You were on level 1 of the Dungeon.
You visited 1 branch of the dungeon, and saw 1 of its levels.

Inventory:

Hand Weapons
 c - a +0 club (weapon)
Armour
 a - a +0 robe (worn)
Scrolls
 e - a scroll of teleportation {unknown}
Potions
 b - a potion of magic
 d - a potion of brilliance
 f - a potion of curing {unknown}


   Skills:
 - Level 2.1 Dodging
 - Level 2.0 Stealth
 + Level 2.1 Spellcasting
 + Level 4.9 Summonings


You had 3 spell levels left.
You knew the following spells:

 Your Spells              Type           Power      Damage    Failure   Level
a - Summon Small Mammal   Summ           96%        N/A       2%          1

Your spell library contained the following spells:

 Spells                   Type           Power      Damage    Failure   Level
 Call Imp                 Summ           24%        N/A       4%          2
 Call Canine Familiar     Summ           24%        N/A       9%          3
 Summon Guardian Golem    Hex/Summ       13%        N/A       24%         3
 Summon Lightning Spire   Summ/Air       13%        N/A       61%         4


Dungeon Overview and Level Annotations

Branches:
Dungeon (1/15)

Altars:


Innate Abilities, Weirdness & Mutations

You have a beak for a mouth.
You have claws for feet.


Message History

What are your orders? t - Shout!
Orders for allies: a - Attack new target. r - Retreat! s - Stop attacking. g - Guard the area. f - Follow me.
Anything else - Cancel.
Gang up on whom?
Press: ? - help, Dir - move target, f - ball python
Aim: a ball python (asleep, ally target) Attack!
Your bat hits the ball python.
Your bat barely misses the ball python.
Your quokka bites the ball python.
The ball python dies!
You swap places.
You start resting.
Magic restored.
Your bat disappears in a puff of smoke!
d - 2 fizzy golden potions
e - a scroll labelled GITUINT CUOG Your quokka disappears in a puff of smoke!
f - a golden potion A goblin and a rat come into view.
The goblin is wielding a +2 dagger of venom.
The goblin shouts!
The goblin moves out of view.
Casting: Summon Small Mammal (safe; 2% risk of failure)
Confirm with . or Enter, or press ? or * to list all spells.
Something bites your quokka. Something closely misses your quokka.
Casting: Summon Small Mammal (safe; 2% risk of failure)
Confirm with . or Enter, or press ? or * to list all spells.
The goblin hits you with a +2 dagger of venom.
Ouch! That really hurt!
You are lethally poisoned!
Something misses your quokka. Something grabs your quokka.
Your quokka is constricted.
Your quokka barely misses the goblin.
* * * LOW HITPOINT WARNING * * *
You feel very sick.
Your quokka closely misses the goblin.
It was a potion of brilliance.
You feel clever all of a sudden.
You die...

###......... .......†....
###......... ##
###......... .#
....######## .# ....# .#
....######### r#
....##......######.######
....##.#........@g..r....
................r........
######.#.#....#####.#####
######.#.#..#.# ..#
............#.# .#
............#.. ..
............#### .#
............# .#
............#


You could see a goblin (ally target), a rat and a friendly quokka (summoned).

Vanquished Creatures (collateral kills)
  An endoplasm (D:1)
  A kobold (D:1)
  A ball python (D:1)
3 creatures vanquished.

Notes
Turn   | Place    | Note
-------+----------+-------------------------------------------
     0 | D:1      | quokkamancerX the Tengu Summoner began the quest for the
                  | Orb.
     0 | D:1      | Reached XP level 1. HP: 10/10 MP: 4/4
   221 | D:1      | Succumbed to a goblin's poison

Illustrated notes

Levels and vault maps discovered:
D:1:      shiori_shiawase, layout_basic, hellmonk_ecumenical_altar_arch_garden

Action                   || total
-------------------------++-------
 Cast: Summon Small Mamm ||     7
  Use: Potion            ||     1

Table legend: (Time is in decaauts)
 A = Elapsed time spent in this place.
 B = Non-inter-level travel time spent in this place.
 C = Inter-level travel time spent in this place.
 D = Time resting spent in this place.
 E = Time spent auto-exploring this place.
 F = Levels seen in this place.
 G = Mean time per level.
                   A        B        C        D        E       F      G
               +--------+--------+--------+--------+--------+-----+--------+
         Total |    220 |    220 |      0 |     24 |     32 |   1 |  220.0 |
       Dungeon |    220 |    220 |      0 |     24 |     32 |   1 |  220.0 |
               +--------+--------+--------+--------+--------+-----+--------+

Top non-repeatable levels by time:
     D:1: 220 daAuts
